 Dungeon Crawl Stone Soup version 0.27-a0-1548-gf8a67e7463 (webtiles) character file.

Game seed: 6285457690255774452

7 elagabalus the Skirmisher (level 2, 31/32 HPs)
             Began as an Ogre Berserker on July 13, 2021.
             Was a Follower of Trog.
             Quit the game on level 1 of the Dungeon.
             The game lasted 00:02:41 (219 turns).

elagabalus the Skirmisher (Ogre Berserker)           Turns: 219, Time: 00:02:42

Health: 31/32      AC:  3    Str: 20    XL:     2   Next: 0%
Magic:  2/2        EV: 10    Int:  8    God:    Trog [*.....]
Gold:   8          SH:  0    Dex:  8    Spells: 1/1 levels left

rFire    . . .     SeeInvis .   a - +0 hand axe
rCold    . . .     Faith    .   (no shield)
rNeg     . . .     Spirit   .   b - +0 animal skin
rPois    .         Reflect  .   (helmet restricted)
rElec    .         Harm     .   (no cloak)
rCorr    .         Rampage  .   (gloves unavailable)
Will     .....                  (boots unavailable)
Stlth    +.........             (no amulet)
HPRegen  0.10/turn              (no ring)
MPRegen  0.08/turn              (no ring)

@: no status effects
A: large, unfitting armour, tough skin 1
a: Renounce Religion, Berserk


You were on level 1 of the Dungeon.
You worshipped Trog.
Trog was aware of your devotion.
You visited 1 branch of the dungeon, and saw 1 of its levels.

You collected 8 gold pieces.

Inventory:

Hand Weapons
 a - a +0 hand axe (weapon)
Armour
 b - a +0 animal skin (worn)
Scrolls
 c - a scroll of silence {unknown}


   Skills:
 - Level 4.0 Fighting
 * Level 3.5 Axes
 - Level 2.6 Dodging


You had one spell level left.
You didn't know any spells.
Your spell library was empty.

Dungeon Overview and Level Annotations

Branches:
Dungeon (1/15)

Altars:


Innate Abilities, Weirdness & Mutations

You are too large for most types of armour.
You have tough skin. (AC +1)


Message History

a +0 short sword; a kobold corpse You hit the bush.
The bush is lightly damaged.
You hit the bush but do no damage. You hit the bush.
You hit the bush but do no damage.
The bush is lightly damaged.
You hit the bush. You hit the bush but do no damage.
You hit the bush but do no damage.
The bush is lightly damaged.
You hit the bush but do no damage. x2
You hit the bush.
The bush is lightly damaged.
You hit the bush. You hit the bush but do no damage.
You hit the bush but do no damage.
The bush is lightly damaged.
You hit the bush but do no damage. x2
You hit the bush but do no damage.
The bush is lightly damaged.
You hit the bush but do no damage. x2
You hit the bush.
The bush is lightly damaged.
You hit the bush but do no damage. x2
You hit the bush but do no damage.
The bush is lightly damaged.
You hit the bush but do no damage. x2
You hit the bush but do no damage.
The bush is lightly damaged.
You hit the bush but do no damage. x2
You hit the bush but do no damage.
The bush is lightly damaged.
You hit the bush but do no damage. x2
You hit the bush but do no damage.
The bush is lightly damaged.
You hit the bush but do no damage. You hit the bush.
You hit the bush but do no damage. x3
Things that are here:
a +0 short sword; a kobold corpse You see here a +0 robe.
There is an open door here.
Are you sure you want to abandon this character and quit the game? (Confirm with "yes".)

####.........#
#........###.#
#.##..##.# #.#
#♣.♣♣.###.#######.##
♣..♣♣.............#
♣)♣PP♣##.##.####.#
♣..P♣P♣.[#...##
♣♣P.♣.♣♣♣#.....#
♣P.♣P@P.♣##...##
♣♣♣P?...♣ ##.##
♣♣.♣.P♣ #.# #♣..♣# #.#
##.# ##'## #.# ##...##
#.###.....##
##.♣♣♣..........##
###.#......#.........#


There were no monsters in sight!

Vanquished Creatures
  2 bats (D:1)
  A kobold (D:1)
  3 ball pythons (D:1)
6 creatures vanquished.

Vanquished Creatures (others)
  A plant (D:1)
1 creature vanquished.

Grand Total: 7 creatures vanquished

Notes
Turn   | Place    | Note
-------+----------+-------------------------------------------
     0 | D:1      | elagabalus the Ogre Berserker began the quest for the Orb.
     0 | D:1      | Reached XP level 1. HP: 24/24 MP: 1/1
   170 | D:1      | Reached XP level 2. HP: 26/32 MP: 2/2
   219 | D:1      | Quit the game

Illustrated notes

Levels and vault maps discovered:
D:1:      lemuel_arrival_funnel, layout_loops_corners, serial_forest,
          infiniplex_forest_straight_4, infiniplex_forest_straight_4,
          infiniplex_forest_straight_1, infiniplex_forest_split,
          infiniplex_forest_end_double, infiniplex_forest_clump_tiny,
          infiniplex_forest_clump_double, infiniplex_forest_diagonal,
          infiniplex_forest_clump_diagonal, shapermc_ecumenical_altar_venn

Action                   || total
-------------------------++-------
Melee: Hand axe          ||    25
Armor: Animal skin       ||     2
Dodge: Dodged            ||     9

Table legend: (Time is in decaauts)
 A = Elapsed time spent in this place.
 B = Non-inter-level travel time spent in this place.
 C = Inter-level travel time spent in this place.
 D = Time resting spent in this place.
 E = Time spent auto-exploring this place.
 F = Levels seen in this place.
 G = Mean time per level.
                   A        B        C        D        E       F      G
               +--------+--------+--------+--------+--------+-----+--------+
         Total |    222 |     76 |    146 |      0 |      0 |   1 |  222.0 |
       Dungeon |    222 |     76 |    146 |      0 |      0 |   1 |  222.0 |
               +--------+--------+--------+--------+--------+-----+--------+

Top non-repeatable levels by time:
     D:1: 222 daAuts
